NWL (28 & UNDER)
RED DEER WRANGLERS @ SAN DIEGO SMASHERS
05/13/2029
 
TOP OF THE 1ST
Red Deer Wranglers batting - Pitching for San Diego Smashers : RHP Alberto Reyes
Pitching: RHP Alberto Reyes
Batting: RHB Julián García 0-0: Fly out, F8 (Flyball, 8RD)
Batting: SHB Robbie Rhodes 0-0: Ball
1-0: Ball
2-0: Ball
3-0: Base on Balls
Batting: LHB Edgar López 0-0: Foul Ball, location: 2F
0-1: Ball
1-1: Foul Ball, location: 2F
1-2: Ground out U3 (Groundball, 3)
Robbie Rhodes to second
Batting: RHB Xavier López 0-0: Ball
1-0: Ground out 5-3 (Groundball, 56S)
Top of the 1st over - 0 runs, 0 hits, 0 errors, 1 left on base; Red Deer 0 - San Diego 0
BOTTOM OF THE 1ST
San Diego Smashers batting - Pitching for Red Deer Wranglers : RHP Luis Costa
Pitching: RHP Luis Costa
Batting: LHB Dale Miller 0-0: Ball
1-0: Swinging Strike
1-1: Ball
2-1: Swinging Strike
2-2: Ball
3-2: Base on Balls
Batting: RHB Gustavo Torres 0-0: Called Strike
0-1: Ball
1-1: Foul Ball, location: 2F
1-2: Foul Ball, location: 2F
1-2: Strikes out swinging
Batting: LHB John White 0-0: Ball
1-0: DOUBLE (Groundball, 3L)
Dale Miller to third
Batting: SHB Michael Aisher 0-0: Foul Ball, location: 2F
0-1: Ball
1-1: SINGLE (Line Drive, 56D)
Dale Miller scores
John White to third
Batting: RHB Ray Rogers 0-0: Called Strike
0-1: Ball
1-1: Swinging Strike
1-2: Ball
2-2: Ball
3-2: Strikes out looking
Michael Aisher steals 2nd base
Batter strikes out.
Batting: RHB Manny Torrez 0-0: Called Strike
0-1: Ball
1-1: Ball
2-1: Fly out, F4 (Line Drive, 4)
Bottom of the 1st over - 1 run, 2 hits, 0 errors, 2 left on base; Red Deer 0 - San Diego 1
TOP OF THE 2ND
Red Deer Wranglers batting - Pitching for San Diego Smashers : RHP Alberto Reyes
Batting: RHB Pedro Cabrera 0-0: Ball
1-0: Foul Ball, location: 2F
1-1: DOUBLE (Line Drive, 89D)
Batting: RHB Joe Lewis 0-0: Called Strike
0-1: Foul Ball, location: 2F
0-2: Foul Ball, location: 2F
0-2: Foul Ball, location: 2F
0-2: Ball
1-2: Fly out, F9 (Flyball, 9S)
Batting: LHB Francisco Blanco 0-0: Ball
1-0: Called Strike
Pedro Cabrera steals 3rd base
1-1: Swinging Strike
1-2: Foul Ball, location: 2F
1-2: Foul Ball, location: 2F
1-2: Ball
2-2: Ball
3-2: Strikes out swinging
Batting: LHB Héctor Santos 0-0: Ball
1-0: Ball
Wild Pitch!
Pedro Cabrera scores
2-0: Called Strike
2-1: Foul Ball, location: 2F
2-2: Foul Ball, location: 2F
2-2: Foul Ball, location: 2F
2-2: Fly out, F8 (Flyball, 8RS)
Top of the 2nd over - 1 run, 1 hit, 0 errors, 0 left on base; Red Deer 1 - San Diego 1
BOTTOM OF THE 2ND
San Diego Smashers batting - Pitching for Red Deer Wranglers : RHP Luis Costa
Batting: LHB Nick Hill 0-0: Called Strike
0-1: Ball
1-1: Ground out 6-3 (Groundball, 6)
Batting: RHB Juan Morales 0-0: Foul Ball, location: 2F
0-1: Ground out 1-3 (Groundball, 15S)
Batting: SHB Walt Rodgers 0-0: Foul Ball, location: 2F
0-1: Ball
1-1: Ball
2-1: SINGLE (Groundball, 34) (infield hit)
Batting: LHB Dale Miller 0-0: Called Strike
0-1: Called Strike
0-2: Ball
1-2: Ball
2-2: Fly out, F5 (Popup, 5SF)
Bottom of the 2nd over - 0 runs, 1 hit, 0 errors, 1 left on base; Red Deer 1 - San Diego 1
TOP OF THE 3RD
Red Deer Wranglers batting - Pitching for San Diego Smashers : RHP Alberto Reyes
Batting: RHB Allen Brown 0-0: Ball
1-0: Called Strike
1-1: Swinging Strike
1-2: Strikes out swinging
Batting: RHB Julián García 0-0: Ball
1-0: Ball
2-0: Foul Ball, location: 2F
2-1: Called Strike
2-2: SINGLE (Groundball, 34D)
Batting: SHB Robbie Rhodes 0-0: Ball
1-0: Called Strike
1-1: Foul Ball, location: 2F
1-2: Fly out, F8 (Line Drive, 8LM)
Batting: LHB Edgar López 0-0: Ball
1-0: SINGLE (Flyball, 8RS)
Julián García to second
Runner from 2nd tries for 3rd, SAFE, no throw
Batting: RHB Xavier López 0-0: Ball
1-0: Called Strike
1-1: SINGLE (Groundball, 34D)
Julián García scores
Edgar López to second
Runner from 2nd tries for 3rd, SAFE, no throw
Batting: RHB Pedro Cabrera 0-0: SINGLE (Groundball, 4MD)
Edgar López scores
Xavier López to second
Batting: RHB Joe Lewis 0-0: Swinging Strike
0-1: Foul Ball, location: 2F
0-2: Strikes out looking
Top of the 3rd over - 2 runs, 4 hits, 0 errors, 2 left on base; Red Deer 3 - San Diego 1
BOTTOM OF THE 3RD
San Diego Smashers batting - Pitching for Red Deer Wranglers : RHP Luis Costa
Batting: RHB Gustavo Torres 0-0: Ball
1-0: Fly out, F8 (Flyball, 8LS)
Batting: LHB John White 0-0: Ball
1-0: Ball
2-0: DOUBLE (Line Drive, 8LXD)
Batting: SHB Michael Aisher 0-0: Called Strike
0-1: Foul Ball, location: 2F
0-2: Strikes out looking
Batting: RHB Ray Rogers 0-0: Called Strike
0-1: Ball
1-1: Ball
2-1: Foul Ball, location: 2F
2-2: Ball
3-2: Foul Ball, location: 2F
3-2: Foul Ball, location: 2F
3-2: Foul Ball, location: 2F
3-2: DOUBLE (Line Drive, 78M)
John White scores
Batting: RHB Manny Torrez 0-0: Ball
1-0: Foul Ball, location: 2F
1-1: Swinging Strike
1-2: Ball
2-2: Fly out, F7 (Flyball, 7)
Bottom of the 3rd over - 1 run, 2 hits, 0 errors, 1 left on base; Red Deer 3 - San Diego 2
TOP OF THE 4TH
Red Deer Wranglers batting - Pitching for San Diego Smashers : RHP Alberto Reyes
Batting: LHB Francisco Blanco 0-0: Ball
1-0: Ball
2-0: Called Strike
2-1: Swinging Strike
2-2: Foul Ball, location: 2F
2-2: Foul Ball, location: 2F
2-2: Foul Ball, location: 2F
2-2: Foul Ball, location: 2F
2-2: Fly out, F9 (Flyball, 9LD)
Batting: LHB Héctor Santos 0-0: Called Strike
0-1: Ball
1-1: Called Strike
1-2: Foul Ball, location: 2F
1-2: Foul Ball, location: 2F
1-2: Strikes out swinging
Batting: RHB Allen Brown 0-0: Ball
1-0: Foul Ball, location: 2F
1-1: Foul Ball, location: 2F
1-2: Foul Ball, location: 2F
1-2: Ground out 5-3 (Groundball, 5)
Top of the 4th over - 0 runs, 0 hits, 0 errors, 0 left on base; Red Deer 3 - San Diego 2
BOTTOM OF THE 4TH
San Diego Smashers batting - Pitching for Red Deer Wranglers : RHP Luis Costa
Batting: LHB Nick Hill 0-0: Ball
1-0: Ball
2-0: Called Strike
2-1: Ball
3-1: Base on Balls
Batting: RHB Juan Morales 0-0: Swinging Strike
0-1: Foul Ball, location: 2F
0-2: SINGLE (Line Drive, 89S)
Nick Hill to second
Batting: SHB Walt Rodgers 0-0: Ball
1-0: Fly out, F8 (Flyball, 8RS)
Batting: LHB Dale Miller 0-0: Foul Ball, location: 2F
0-1: Ball
1-1: Hit by Pitch
Nick Hill to third
Juan Morales to second
Batting: RHB Gustavo Torres 0-0: Ball
1-0: Called Strike
1-1: Foul Ball, location: 2F
1-2: Ball
2-2: Strikes out swinging
Batting: LHB John White 0-0: Ball
1-0: Ground out 4-3 (Groundball, 4)
Bottom of the 4th over - 0 runs, 1 hit, 0 errors, 3 left on base; Red Deer 3 - San Diego 2
TOP OF THE 5TH
Red Deer Wranglers batting - Pitching for San Diego Smashers : RHP Alberto Reyes
Batting: RHB Julián García 0-0: Called Strike
0-1: Ball
1-1: Ground out 6-3 (Groundball, 6)
Batting: SHB Robbie Rhodes 0-0: Foul Ball, location: 2F
0-1: Called Strike
0-2: Strikes out swinging
Batting: LHB Edgar López 0-0: Foul Ball, location: 2F
0-1: Swinging Strike
0-2: Strikes out swinging
Top of the 5th over - 0 runs, 0 hits, 0 errors, 0 left on base; Red Deer 3 - San Diego 2
BOTTOM OF THE 5TH
San Diego Smashers batting - Pitching for Red Deer Wranglers : RHP Luis Costa
Pitching: RHP Josh Ewing
Batting: SHB Michael Aisher 0-0: Called Strike
0-1: Called Strike
0-2: Fly out, F8 (Flyball, 8RD)
Batting: RHB Ray Rogers 0-0: Ball
1-0: SINGLE (Groundball, 4MD)
Batting: RHB Manny Torrez 0-0: Foul Ball, location: 2F
0-1: Foul Ball, location: 2F
0-2: Ball
1-2: Foul Ball, location: 2F
1-2: Foul Ball, location: 2F
1-2: Foul Ball, location: 2F
1-2: Ball
2-2: Ground out 6-3 (Groundball, 6S)
Ray Rogers to second
Batting: LHB Nick Hill 0-0: SINGLE (Groundball, 34D)
Ray Rogers to third
Batting: RHB Juan Morales 0-0: Ball
1-0: DOUBLE (Line Drive, 89M)
Ray Rogers scores
Nick Hill to third
Runner from 3rd tries for Home, SAFE, no throw
Batting: SHB Walt Rodgers 0-0: Swinging Strike
0-1: Foul Ball, location: 2F
0-2: Foul Ball, location: 2F
0-2: Ball
1-2: Ball
2-2: Strikes out swinging
Bottom of the 5th over - 2 runs, 3 hits, 0 errors, 1 left on base; Red Deer 3 - San Diego 4
TOP OF THE 6TH
Red Deer Wranglers batting - Pitching for San Diego Smashers : RHP Alberto Reyes
Batting: RHB Xavier López 0-0: Foul Ball, location: 2F
0-1: Called Strike
0-2: Foul Ball, location: 2F
0-2: Strikes out looking
Batting: RHB Pedro Cabrera 0-0: Called Strike
0-1: Fly out, F8 (Flyball, 8RXD)
Batting: RHB Joe Lewis 0-0: Ball
1-0: Swinging Strike
1-1: Foul Ball, location: 2F
1-2: Ball
2-2: Ball
3-2: Fly out, F2 (Popup, 2LF)
Top of the 6th over - 0 runs, 0 hits, 0 errors, 0 left on base; Red Deer 3 - San Diego 4
BOTTOM OF THE 6TH
San Diego Smashers batting - Pitching for Red Deer Wranglers : RHP Josh Ewing
Batting: LHB Dale Miller 0-0: Ball
1-0: Ball
2-0: Swinging Strike
2-1: Foul Ball, location: 2F
2-2: Strikes out looking
Batting: RHB Gustavo Torres 0-0: Called Strike
0-1: Ball
1-1: SINGLE (Groundball, 56D)
Batting: LHB John White 0-0: Called Strike
0-1: Ball
1-1: Fly out, F5 (Line Drive, 5)
Batting: SHB Michael Aisher 0-0: Ball
1-0: Foul Ball, location: 2F
1-1: Ball
2-1: Swinging Strike
2-2: Strikes out swinging
Bottom of the 6th over - 0 runs, 1 hit, 0 errors, 1 left on base; Red Deer 3 - San Diego 4
TOP OF THE 7TH
Red Deer Wranglers batting - Pitching for San Diego Smashers : RHP Alberto Reyes
Pitching: LHP Doug Ledoux
Batting: LHB Francisco Blanco 0-0: Called Strike
0-1: Ball
1-1: Ball
2-1: Ball
3-1: Foul Ball, location: 2F
3-2: SINGLE (Groundball, 6MD)
Pinch Hitting: RHB Steve Burton 0-0: Called Strike
0-1: Ball
1-1: Ground out 4-3 (Groundball, 4S)
Francisco Blanco to second
Batting: RHB Allen Brown 0-0: Hit by Pitch
Batting: RHB Julián García 0-0: Called Strike
0-1: Fly out, F4 (Line Drive, 4)
Lined into DP, 4-3 (Line Drive, 4)
Top of the 7th over - 0 runs, 1 hit, 0 errors, 1 left on base; Red Deer 3 - San Diego 4
BOTTOM OF THE 7TH
San Diego Smashers batting - Pitching for Red Deer Wranglers : RHP Josh Ewing
Now at 1B: Art Cameron
Batting: RHB Ray Rogers 0-0: Called Strike
0-1: Swinging Strike
0-2: Strikes out swinging
Batting: RHB Manny Torrez 0-0: TRIPLE (Flyball, 8LXD)
Batting: LHB Nick Hill 0-0: Called Strike
0-1: Ball
1-1: Ball
2-1: Ground out 4-3 (Groundball, 34)
Pinch Hitting: RHB Fred Ameris 0-0: Ball
1-0: Ball
2-0: Ball
3-0: Base on Balls
Pinch Hitting: LHB Steven Smith 0-0: Ball
1-0: Swinging Strike
1-1: Swinging Strike
1-2: Ball
2-2: Foul Ball, location: 2F
2-2: Foul Ball, location: 2F
2-2: Ball
3-2: Base on Balls
Fred Ameris to second
Batting: LHB Dale Miller 0-0: Ball
1-0: Called Strike
1-1: Fly out, F6 (Line Drive, 6M)
Bottom of the 7th over - 0 runs, 1 hit, 0 errors, 3 left on base; Red Deer 3 - San Diego 4
TOP OF THE 8TH
Red Deer Wranglers batting - Pitching for San Diego Smashers : LHP Doug Ledoux
Now at SS: Sean Smith
Now in CF: Roderick Delgado
Batting: SHB Robbie Rhodes 0-0: Foul Ball, location: 2F
0-1: Ball
1-1: Ground out 5-3 (Groundball, 5)
Batting: LHB Edgar López 0-0: Called Strike
0-1: Ball
1-1: Foul Ball, location: 2F
1-2: Ball
2-2: Fly out, F8 (Flyball, 8LM)
Batting: RHB Xavier López 0-0: Foul Ball, location: 2F
0-1: Ground out 6-3 (Groundball, 6)
Top of the 8th over - 0 runs, 0 hits, 0 errors, 0 left on base; Red Deer 3 - San Diego 4
BOTTOM OF THE 8TH
San Diego Smashers batting - Pitching for Red Deer Wranglers : RHP Josh Ewing
Pitching: LHP Macy Catron
Batting: RHB Gustavo Torres 0-0: Called Strike
0-1: Ball
1-1: Ball
2-1: Foul Ball, location: 2F
2-2: Strikes out looking
Batting: LHB John White 0-0: Foul Ball, location: 2F
0-1: DOUBLE (Line Drive, 3D)
Pinch Hitting: RHB Dave King 0-0: Ball
1-0: Ball
2-0: Foul Ball, location: 2F
2-1: Called Strike
2-2: Ground out 6-3 (Groundball, 6)
Batting: RHB Ray Rogers 0-0: Called Strike
Balk!
John White to third
0-1: Ball
1-1: Fly out, F8 (Flyball, 8RM)
Bottom of the 8th over - 0 runs, 1 hit, 0 errors, 1 left on base; Red Deer 3 - San Diego 4
TOP OF THE 9TH
Red Deer Wranglers batting - Pitching for San Diego Smashers : LHP Doug Ledoux
Pitching: RHP Bobby Booker
Now at 2B: Gerald Davis
Batting: RHB Pedro Cabrera 0-0: Ball
1-0: Ball
2-0: Swinging Strike
2-1: Swinging Strike
2-2: SOLO HOME RUN (Flyball, 7D), Distance : 340 ft
Batting: RHB Joe Lewis 0-0: Ball
1-0: Ball
2-0: Called Strike
2-1: Foul Ball, location: 2F
2-2: Ball
3-2: Fly out, F7 (Flyball, 7D)
Batting: LHB Francisco Blanco 0-0: Ball
1-0: Ball
2-0: Called Strike
2-1: Ball
3-1: Base on Balls
Pinch Hitting: RHB Ben Fisher 0-0: Ball
1-0: Called Strike
Francisco Blanco steals 2nd base
1-1: Intentional Walk
Batting: RHB Allen Brown 0-0: Called Strike
0-1: Called Strike
0-2: Ball
1-2: Ball
2-2: Foul Ball, location: 2F
2-2: Ground out 5-3 (Groundball, 56S)
Francisco Blanco to third
Ben Fisher to second
Batting: RHB Julián García 0-0: Foul Ball, location: 2F
0-1: Ball
1-1: SINGLE (Groundball, 34D)
Francisco Blanco scores
Ben Fisher to third
Runner from 3rd tries for Home, SAFE, throw made home
Batting: SHB Robbie Rhodes 0-0: Ball
Julián García steals 2nd base
1-0: Called Strike
1-1: Ground out 4-3 (Groundball, 34D)
Top of the 9th over - 3 runs, 2 hits, 0 errors, 1 left on base; Red Deer 6 - San Diego 4
BOTTOM OF THE 9TH
San Diego Smashers batting - Pitching for Red Deer Wranglers : LHP Macy Catron
Pitching: RHP Raúl Zumaya
Now in LF: Ben Fisher
Batting: RHB Manny Torrez 0-0: SINGLE (Line Drive, 34)
Batting: LHB Nick Hill 0-0: DOUBLE (Line Drive, 78XD)
Manny Torrez to third
Batting: RHB Sean Smith 0-0: Ball
1-0: Called Strike
1-1: Ball
2-1: Swinging Strike
2-2: Strikes out swinging
Batting: LHB Roderick Delgado 0-0: Ball
1-0: Ground out 6-3 (Groundball, 6)
Batting: LHB Dale Miller 0-0: SINGLE (Groundball, 34D)
Manny Torrez scores
Nick Hill to third
Runner from 3rd tries for Home, SAFE, throw made home
Batting: RHB Gustavo Torres 0-0: Ball
Dale Miller steals 2nd base
1-0: Swinging Strike
1-1: Ball
2-1: Foul Ball, location: 2F
2-2: Strikes out swinging
Bottom of the 9th over - 2 runs, 3 hits, 0 errors, 1 left on base; Red Deer 6 - San Diego 6
TOP OF THE 10TH
Red Deer Wranglers batting - Pitching for San Diego Smashers : RHP Bobby Booker
Pitching: LHP Mike Stevens
Batting: LHB Edgar López 0-0: Ball
1-0: Ball
2-0: Fly out, F4 (Line Drive, 4)
Batting: RHB Xavier López 0-0: Ball
1-0: Ball
2-0: Foul Ball, location: 2F
2-1: Ball
3-1: Base on Balls
Batting: RHB Pedro Cabrera 0-0: Ball
1-0: Called Strike
1-1: Called Strike
1-2: Ball
2-2: Strikes out swinging
Batting: RHB Joe Lewis 0-0: Ball
1-0: Called Strike
1-1: Fly out, F8 (Flyball, 8RM)
Top of the 10th over - 0 runs, 0 hits, 0 errors, 1 left on base; Red Deer 6 - San Diego 6
BOTTOM OF THE 10TH
San Diego Smashers batting - Pitching for Red Deer Wranglers : RHP Raúl Zumaya
Batting: LHB John White 0-0: Ball
1-0: Ground out 4-3 (Groundball, 4)
Batting: RHB Gerald Davis 0-0: Called Strike
0-1: Ball
1-1: Ball
2-1: Foul Ball, location: 2F
2-2: Foul Ball, location: 2F
2-2: Ball
3-2: SINGLE (Line Drive, 4M)
Pinch Hitting: LHB Richard Brooks 0-0: Ball
1-0: Fly out, F9 (Flyball, 89M)
Batting: RHB Manny Torrez 0-0: Ball
1-0: Ball
Gerald Davis steals 2nd base
2-0: Foul Ball, location: 2F
2-1: Ball
3-1: Called Strike
3-2: Foul Ball, location: 2F
3-2: Base on Balls
Batting: LHB Nick Hill 0-0: Called Strike
0-1: Ball
1-1: Ball
2-1: Foul Ball, location: 2F
2-2: Strikes out swinging
Bottom of the 10th over - 0 runs, 1 hit, 0 errors, 2 left on base; Red Deer 6 - San Diego 6
TOP OF THE 11TH
Red Deer Wranglers batting - Pitching for San Diego Smashers : LHP Mike Stevens
Now at 3B: Daniel Moody
Pinch Hitting: RHB Ricardo González 0-0: Ball
1-0: Foul Ball, location: 2F
1-1: Ground out 3-1 (Groundball, 34)
Batting: RHB Ben Fisher 0-0: Ball
1-0: Called Strike
1-1: Ball
2-1: Foul Ball, location: 2F
2-2: Strikes out looking
Batting: RHB Allen Brown 0-0: Ball
1-0: Ball
2-0: Called Strike
2-1: Ball
3-1: Called Strike
3-2: SINGLE (Flyball, 9LS)
Batting: RHB Julián García 0-0: Ball
1-0: Ball
2-0: Called Strike
2-1: Foul Ball, location: 2F
2-2: Foul Ball, location: 2F
2-2: Foul Ball, location: 2F
2-2: Foul Ball, location: 2F
2-2: Ball
3-2: Strikes out swinging
Top of the 11th over - 0 runs, 1 hit, 0 errors, 1 left on base; Red Deer 6 - San Diego 6
BOTTOM OF THE 11TH
San Diego Smashers batting - Pitching for Red Deer Wranglers : RHP Raúl Zumaya
Now in RF: Andrew Veeck
Batting: RHB Sean Smith 0-0: Called Strike
0-1: Fly out, F8 (Line Drive, 8RM)
Batting: LHB Roderick Delgado 0-0: Called Strike
0-1: Swinging Strike
0-2: Ball
1-2: Ball
2-2: Ground out 6-3 (Groundball, 6)
Batting: LHB Dale Miller 0-0: Called Strike
0-1: Ball
1-1: Called Strike
1-2: Ground out 3-1 (Groundball, 34)
Bottom of the 11th over - 0 runs, 0 hits, 0 errors, 0 left on base; Red Deer 6 - San Diego 6
TOP OF THE 12TH
Red Deer Wranglers batting - Pitching for San Diego Smashers : LHP Mike Stevens
Pitching: LHP Alejandro Flores
Batting: SHB Robbie Rhodes 0-0: Ball
1-0: Foul Ball, location: 2F
1-1: Ball
2-1: Ball
3-1: Fly out, F9 (Flyball, 9)
Batting: LHB Edgar López 0-0: Fly out, F8 (Flyball, 8LS)
Batting: RHB Xavier López 0-0: Ball
1-0: Foul Ball, location: 2F
1-1: Ball
2-1: Ball
3-1: DOUBLE (Flyball, 78D)
Batting: RHB Pedro Cabrera 0-0: Called Strike
0-1: Foul Ball, location: 2F
0-2: Ball
1-2: Hit by Pitch
Batting: RHB Joe Lewis 0-0: Ball
1-0: Fly out, F8 (Flyball, 8RS)
Top of the 12th over - 0 runs, 1 hit, 0 errors, 2 left on base; Red Deer 6 - San Diego 6
BOTTOM OF THE 12TH
San Diego Smashers batting - Pitching for Red Deer Wranglers : RHP Raúl Zumaya
Batting: RHB Gustavo Torres 0-0: Called Strike
0-1: Called Strike
0-2: SINGLE (Flyball, 89S)
Batting: LHB John White 0-0: Ball
1-0: Ball
2-0: Called Strike
2-1: Ball
3-1: Foul Ball, location: 2F
3-2: Base on Balls
Gustavo Torres to second
Batting: RHB Gerald Davis 0-0: Ball
1-0: Fly out, F9 (Flyball, 9LS)
Batting: RHB Daniel Moody 0-0: Called Strike
0-1: Called Strike
0-2: Ball
1-2: Strikes out swinging
Batting: RHB Manny Torrez 0-0: Called Strike
0-1: Ball
1-1: Ball
2-1: SINGLE (Groundball, 6MS) (infield hit)
Gustavo Torres to third
John White to second
Batting: LHB Nick Hill 0-0: Ball
1-0: Called Strike
1-1: Ball
2-1: Fielders Choice at 2nd, 6-4 (Groundball, 6)
Bottom of the 12th over - 0 runs, 2 hits, 0 errors, 3 left on base; Red Deer 6 - San Diego 6
TOP OF THE 13TH
Red Deer Wranglers batting - Pitching for San Diego Smashers : LHP Alejandro Flores
Batting: LHB Andrew Veeck 0-0: Called Strike
0-1: Ball
1-1: Fly out, F4 (Popup, 4)
Batting: RHB Ben Fisher 0-0: Called Strike
0-1: Foul Ball, location: 2F
0-2: Strikes out looking
Batting: RHB Allen Brown 0-0: Ball
1-0: Fly out, F8 (Flyball, 8RD)
Top of the 13th over - 0 runs, 0 hits, 0 errors, 0 left on base; Red Deer 6 - San Diego 6
BOTTOM OF THE 13TH
San Diego Smashers batting - Pitching for Red Deer Wranglers : RHP Raúl Zumaya
Batting: RHB Sean Smith 0-0: Called Strike
0-1: Ball
1-1: Foul Ball, location: 2F
1-2: Ball
2-2: Strikes out swinging
Batting: LHB Roderick Delgado 0-0: Called Strike
0-1: Foul Ball, location: 2F
0-2: Ball
1-2: Strikes out swinging
Batting: LHB Dale Miller 0-0: Called Strike
0-1: Ball
1-1: Swinging Strike
1-2: Ground out 6-3 (Groundball, 56)
Bottom of the 13th over - 0 runs, 0 hits, 0 errors, 0 left on base; Red Deer 6 - San Diego 6
TOP OF THE 14TH
Red Deer Wranglers batting - Pitching for San Diego Smashers : LHP Alejandro Flores
Pitching: RHP Norberto Deleón
Batting: RHB Julián García 0-0: Called Strike
0-1: Ground out 4-3 (Groundball, 4)
Batting: SHB Robbie Rhodes 0-0: Ball
1-0: Called Strike
1-1: Ball
2-1: Foul Ball, location: 2F
2-2: Strikes out looking
Batting: LHB Edgar López 0-0: Called Strike
0-1: Fly out, F9 (Line Drive, 9)
Top of the 14th over - 0 runs, 0 hits, 0 errors, 0 left on base; Red Deer 6 - San Diego 6
BOTTOM OF THE 14TH
San Diego Smashers batting - Pitching for Red Deer Wranglers : RHP Raúl Zumaya
Batting: RHB Gustavo Torres 0-0: Ball
1-0: Ball
2-0: Ball
3-0: Called Strike
3-1: Base on Balls
Batting: LHB John White 0-0: Called Strike
0-1: Ball
1-1: Fly out, F4 (Popup, 34D)
Batting: RHB Gerald Davis 0-0: Called Strike
0-1: Ball
Gustavo Torres steals 2nd base
1-1: Intentional Walk
Batting: RHB Daniel Moody 0-0: SINGLE (Groundball, 6D)
Gustavo Torres to third
Gerald Davis to second
Runner from 3rd tries for Home, SAFE, throw made home
Saturday, December 16th, 2017 - OOTP Baseball 18.8 Build 76